 Dungeon Crawl Stone Soup version 0.19.4 (console) character file.

356 Kloppie the Skirmisher (level 6, -2/60 HPs)
             Began as a Minotaur Fighter on Feb 4, 2017.
             Killed by nerve-wracking pain
             ... invoked by an orc priest
              (5 damage)
             ... on level 3 of the Dungeon.
             The game lasted 00:02:23 (2101 turns).

Kloppie the Skirmisher (Minotaur Fighter)           Turns: 2101, Time: 00:02:24

Health: -2/60      AC:  6    Str: 20    XL:     6   Next: 36%
Magic:  5/5        EV:  7    Int:  5    God:
Gold:   146        SH:  9    Dex: 12    Spells: 0 memorised, 5 levels left

rFire  . . .     SeeInvis .     a - +0 war axe
rCold  . . .     Gourm    .     b - +0 scale mail
rNeg   . . .     Faith    .     c - +0 shield
rPois  .         Spirit   .     (helmet restricted)
rElec  .         Reflect  .     (no cloak)
rCorr  .         Harm     .     (no gloves)
MR     .....                    (no boots)
Stlth  ..........               (no amulet)
                                (no ring)
                                (no ring)

@: no status effects
A: retaliatory headbutt, horns 2
a: no special abilities


You were on level 3 of the Dungeon.
You were not hungry.

You visited 1 branch of the dungeon, and saw 3 of its levels.

You collected 146 gold pieces.

Inventory:

Hand Weapons
 a - a +0 war axe (weapon)
 p - a +0 morningstar
Armour
 b - a +0 scale mail (worn)
 c - a +0 shield (worn)
Scrolls
 g - a scroll of teleportation {unknown}
 h - a scroll of blinking {unknown}
 i - 2 scrolls of magic mapping {unknown}
 j - 3 scrolls of identify {unknown}
 k - 3 scrolls of enchant weapon {unknown}
 l - a scroll of noise {unknown}
 m - a scroll of immolation {unknown}
Potions
 d - a potion of might
 e - 2 potions of curing {unknown}
 n - a potion of degeneration {unknown}
 r - a potion of beneficial mutation {unknown}
Comestibles
 f - 3 bread rations
 o - 2 chunks of flesh
 q - a meat ration


   Skills:
 * Level 7.4 Fighting
 + Level 5.0 Axes
 - Level 3.6 Armour
 - Level 3.6 Shields


You had 5 spell levels left.
You didn't know any spells.

Dungeon Overview and Level Annotations

Branches:
Dungeon (3/15)

Altars:


Innate Abilities, Weirdness & Mutations

You reflexively headbutt those who attack you in melee.
You have a pair of horns on your head.


Message History

* * * LOW HITPOINT WARNING * * *
You are too injured to fight recklessly!
You are too injured to fight recklessly!
You are too injured to fight recklessly!
You hit the orc priest.
The orc priest is moderately wounded.
The orc priest barely misses you. You furiously retaliate!
You headbutt the orc priest, but do no damage.
You barely miss the orc priest.
The orc priest is moderately wounded.
The orc priest hits you with a whip.
* * * LOW HITPOINT WARNING * * *
You hit the orc priest but do no damage.
The orc priest is moderately wounded.
The orc priest calls down the wrath of Beogh upon you.
Beogh smites you!
* * * LOW HITPOINT WARNING * * *
The orc priest mumbles some strange prayers to Beogh against you.
Pain shoots through your body!
You die...

##.# #. #.# #.#
##.. #.# ...
##... #.# .##
...... #.# .#
..#... #.# .#
##....# #.#
......)## #.#
#...)o#####.#
....#.)@.)(...#
. ##..#######
#...## ###. #.
#. .. ..


You could see an orc priest.

Vanquished Creatures
  Sigmund (D:3)
  2 orc priests (D:3)
  An orc wizard (D:3)
  Natasha (twice) (D:3)
  A dart slug (D:3)
  A leopard gecko (D:2)
  10 orcs (D:3)
  6 bats
  3 giant cockroaches
  8 hobgoblins
  2 quokkas
  4 frilled lizards
  3 goblins
  9 kobolds
  A quokka skeleton (D:3)
  12 rats
66 creatures vanquished.

Notes
Turn   | Place    | Note
-------+----------+-------------------------------------------
     0 | D:1      | Kloppie the Minotaur Fighter began the quest for the Orb.
     0 | D:1      | Reached XP level 1. HP: 19/19 MP: 0/0
   231 | D:1      | Reached skill level 4 in Fighting
   231 | D:1      | Reached XP level 2. HP: 27/27 MP: 1/1
   893 | D:2      | Reached XP level 3. HP: 34/34 MP: 2/2
  1394 | D:3      | Noticed Sigmund
  1403 | D:3      | Killed Sigmund
  1403 | D:3      | Reached skill level 6 in Fighting
  1403 | D:3      | Reached XP level 4. HP: 33/45 MP: 3/3
  1403 | D:3      | Reached XP level 5. HP: 37/51 MP: 4/4
  1419 | D:3      | Noticed Natasha
  1432 | D:3      | Killed Natasha
  1697 | D:3      | Reached skill level 7 in Fighting
  1697 | D:3      | Reached XP level 6. HP: 52/60 MP: 5/5
  1958 | D:3      | Noticed Natasha
  1966 | D:3      | Reached skill level 5 in Axes
  1974 | D:3      | Killed Natasha
  2101 | D:3      | HP: 3/60 [orc priest/divine providence (11)]
  2101 | D:3      | Killed from afar by an orc priest

Skill      XL: |  1  2  3  4  5  6 |
---------------+-------------------+-----
Fighting       | 4 6 7 |  7.4
Axes           | 3 4 5 |  5.0
Armour         | |  3.6
Shields        | |  3.6

Action                   |  1- 3 |  4- 6 || total
-------------------------+-------+-------++-------
Melee: War axe           |    96 |    77 ||   173
       Headbutt          |     7 |    12 ||    19
  Use: Potion            |       |     1 ||     1
  Eat: Chunk             |     1 |     3 ||     4
Armor: Scale mail        |    46 |    26 ||    72
Dodge: Dodged            |    37 |    14 ||    51
Block: Shield            |    42 |    45 ||    87
